 Dungeon Crawl Stone Soup version 0.29.1-1-gd02db69 (webtiles) character file.

Game seed: 7412437578319682965

1332 Timinator the Insei (level 8, 0/66 HPs)
             Began as a Demigod Transmuter on Jan 12, 2023.
             Slain by a scorpion (1 damage)
             ... on level 6 of the Dungeon on Jan 13, 2023.
             The game lasted 00:16:32 (6332 turns).

Timinator the Insei (Demigod Transmuter)            Turns: 6332, Time: 00:16:33

Health: 0/66       AC:  6    Str: 20    XL:     8   Next: 12%
Magic:  13/14      EV: 16    Int: 19    God:
Gold:   244        SH:  0    Dex: 17    Spells: 8/11 levels left

rFire   . . .      SeeInvis .     - Unarmed
rCold   . . .      Faith    .   (no shield)
rNeg    . . .      Spirit   .   n - +0 ring mail
rPois   .          Reflect  .   (no helmet)
rElec   .          Harm     .   (no cloak)
rCorr   .          Rampage  .   u - +0 pair of gloves
Will    .....                   (no boots)
Stlth   +.........              (no amulet)
HPRegen 0.21/turn               d - +6 ring of strength
MPRegen 0.14/turn               w - +4 ring of evasion

@: lethally poisoned (0 -> -5), flying
A: high MP 1, forlorn, divine attributes, clever 1, evolution 1
a: no special abilities


You were on level 6 of the Dungeon.
You visited 1 branch of the dungeon, and saw 6 of its levels.
You also visited: Sewer.

You collected 244 gold pieces.

Inventory:

Missiles
 q - 6 javelins (quivered)
Armour
 n - a +0 ring mail (worn)
 u - a +0 pair of gloves (worn)
Jewellery
 a - a +6 ring of strength
 d - a +6 ring of strength (left hand)
 w - a +4 ring of evasion (right hand)
Wands
 A - a wand of polymorph (3)
Scrolls
 e - 2 scrolls of enchant armour {unknown}
 f - a scroll of butterflies {unknown}
 i - a scroll of immolation {unknown}
 l - a scroll of enchant weapon {unknown}
 m - 3 scrolls of teleportation
 o - 3 scrolls of identify {unknown}
 p - a scroll of magic mapping {unknown}
 s - a scroll of blinking {unknown}
 x - a scroll of torment {unknown}
 y - 2 scrolls of brand weapon {unknown}
 z - 2 scrolls of amnesia {unknown}
 B - a scroll of fear {unknown}
Potions
 b - a potion of cancellation
 c - 3 potions of mutation
 g - a potion of brilliance
 h - 2 potions of heal wounds {unknown}
 j - 3 potions of degeneration {unknown}
 k - 3 potions of attraction {unknown}
 r - 2 potions of curing {unknown}
 t - a potion of magic {unknown}
 v - a potion of flight


   Skills:
 * Level 3.9 Fighting
 - Level 3.0 Armour
 * Level 3.9 Dodging
 + Level 5.8 Unarmed Combat
 - Level 2.0 Spellcasting
 + Level 4.6 Transmutations


You had 8 spell levels left.
You knew the following spells:

 Your Spells              Type           Power      Damage    Failure   Level
a - Beastly Appendage     Tmut           38%        N/A       4%          1
b - Wereblood             Tmut           19%        N/A       6%          2

Your spell library contained the following spells:

 Spells                   Type           Power      Damage    Failure   Level
 Magic Dart               Conj           4%         1d3       28%         1
 Spider Form              Tmut/Pois      10%        N/A       32%         3
 Call Imp                 Summ           1%         N/A       38%         2
 Ignite Poison            Fire/Tmut/Pois 7%         N/A       41%         3
 Mephitic Cloud           Conj/Pois/Air  1%         N/A       63%         3
 Ice Form                 Ice/Tmut       10%        N/A       71%         4
 Olgreb's Toxic Radiance  Pois           1%         N/A       95%         4
 Summon Ice Beast         Ice/Summ       1%         N/A       95%         4
 Freezing Cloud           Conj/Ice/Air   0%         6-21      100%        5
 Summon Mana Viper        Hex/Summ       1%         N/A       100%        5
 Monstrous Menagerie      Summ           0%         N/A       100%        7
 Ozocubu's Refrigeration  Ice            0%         4d7       100%        7
 Ignition                 Fire           0%         3d3       100%        8


Dungeon Overview and Level Annotations

Branches:
Dungeon (6/15)             Temple (0/1) D:5           Sewer (visited)

Shops:
D:3 (

Annotations:
D:6 2 transporters


Innate Abilities, Weirdness & Mutations

You have an increased reservoir of magic. (+10% MP)
You shall have no god before yourself.
Your divine heritage dramatically boosts your attributes as you level up.
Your mind is acute. (Int +4, Str/Dex -1)
You have hidden genetic potential.


Message History

You feel sick. The scorpion barely misses you.
You hit the scorpion but do no damage. You claw the scorpion.
You headbutt the scorpion!
You feel a bit better.
You kill the scorpion!
You feel sick.
You feel sick. The phantom hits you.
The phantom blinks!
You blink.
You miss the phantom.
You feel sick. The phantom hits you.
* * * LOW HITPOINT WARNING * * *
The phantom blinks!
You blink.
The scorpion stings you.
* * * LOW HITPOINT WARNING * * *
You are lethally poisoned!
The scorpion poisons you!
It was a potion of mutation.
You feel extremely strange.
You feel a hidden potential growing inside you.
You feel clever.
* * * LOW HITPOINT WARNING * * *
You feel very sick. The phantom closely misses you. The scorpion misses you.
Okay, then.
Unknown command.
It was a potion of brilliance.
You feel clever all of a sudden.
* * * LOW HITPOINT WARNING * * *
You feel very sick. The phantom misses you. The scorpion misses you.
It was a potion of cancellation.
Your magical effects are unravelling.
You feel magically purged.
Your horns disappear.
Your talons disappear.
You feel a little less clever now.
Your primal bloodlust has ended.
* * * LOW HITPOINT WARNING * * *
You feel sick.
The phantom hits you but does no damage.
The scorpion stings you but does no damage.
It was a potion of flight.
You feel very buoyant.
You fly up into the air.
* * * LOW HITPOINT WARNING * * *
You feel sick. The scorpion stings you.
You die...

#.#P[=.P#.# #. #.#8.©$8#.# .
#######.#######.#.#
...........©....#.#
.......###...###..#
.......####.#.†..#
....).....†..o####
).........###W###
......<.^.# #@s.#
<.(.......#####.############
######......................
##.......#.§.....#.....
#.....#......#......#
#...#.....#.....#.....
#..#..(.#....#....#...
+#...#...#...#...#...#
...#..#..#..#..#. #..#


You could see a phantom, a scorpion and an orc.

Vanquished Creatures
  An ice beast (D:6)
  2 black bears (D:5)
  An ogre (D:5)
  A centaur (D:5)
  2 kobold brigands (Sewer)
  2 scorpions (D:6)
  4 hounds
  3 iguanas
  6 orc wizards
  11 adders
  6 river rats
  2 ufetubi
  5 worms
  4 dart slugs
  14 orcs
  9 ball pythons
  7 endoplasms
  4 giant cockroaches
  7 goblins
  3 hobgoblins (D:1)
  15 jackals
  5 kobolds
  3 quokkas
  4 bats
  6 frilled lizards
  5 rats
132 creatures vanquished.

Vanquished Creatures (others)
  14 plants (Sewer)
14 creatures vanquished.

Grand Total: 146 creatures vanquished

Notes
Turn   | Place    | Note
-------+----------+-------------------------------------------
     0 | D:1      | Timinator the Demigod Transmuter began the quest for the
                  | Orb.
     0 | D:1      | Reached XP level 1. HP: 15/15 MP: 5/5
   164 | D:1      | Reached skill level 1 in Fighting
   515 | D:1      | Reached XP level 2. HP: 20/23 MP: 5/7
   852 | D:1      | Reached skill level 3 in Unarmed Combat
  1045 | D:2      | Reached skill level 1 in Armour
  1083 | D:2      | Reached XP level 3. HP: 24/28 MP: 6/8
  1351 | D:2      | Learned a level 2 spell: Wereblood
  1411 | D:2      | Reached XP level 4. HP: 28/35 MP: 5/9
  2586 | D:3      | Found Paris's Weapon Shop.
  3243 | D:4      | Reached XP level 5. HP: 36/41 MP: 6/10
  3564 | D:4      | Found a glowing drain.
  3589 | Sewer    | Entered a sewer
  3951 | Sewer    | Reached skill level 4 in Unarmed Combat
  3951 | Sewer    | Reached XP level 6. HP: 45/50 MP: 8/11
  5514 | D:5      | Entered Level 5 of the Dungeon
  5584 | D:5      | Found a staircase to the Ecumenical Temple.
  5710 | D:5      | Reached XP level 7. HP: 56/56 MP: 11/13
  5838 | D:5      | Reached skill level 5 in Unarmed Combat
  6213 | D:6      | Found a transporter.
  6244 | D:6      | Found a transporter.
  6293 | D:6      | Reached XP level 8. HP: 56/66 MP: 14/14
  6329 | D:6      | Gained mutation: You have hidden genetic potential. [potion
                  | of mutation]
  6329 | D:6      | Gained mutation: Your mind is acute. (Int +4, Str/Dex -1)
                  | [potion of mutation]
  6331 | D:6      | HP: 3/66 [poisoned by a scorpion]
  6332 | D:6      | HP: 1/66 [poisoned by a scorpion]
  6332 | D:6      | Slain by a scorpion

Illustrated notes

Levels and vault maps discovered:
D:1:      dpeg_arrival_castle, layout_basic,
          hellmonk_ecumenical_altar_pennies_from_heaven
D:2:      layout_basic, minmay_quantized
D:3:      layout_loops_ring, mainiacjoe_overflow_paths,
          grunt_temple_overflow_open, serial_forest,
          infiniplex_forest_straight_4, infiniplex_forest_corner_1,
          infiniplex_forest_lined_4_way, infiniplex_forest_end_2,
          infiniplex_forest_end_2, infiniplex_forest_clump_double,
          infiniplex_forest_lined_room_2, serial_shops,
          nicolae_shop_hallway_plus, hangedman_decor_clover_reticule
D:4:      layout_loops_corners, nicolae_dithmenos_shadow_blocks,
          cheibrodos_sewer_entry_sluice, minmay_misc_feat_room
D:5:      layout_cave_pools, minmay_temple_entry_gardened_gates
D:6:      gammafunk_steamed_eel, layout_basic,
          chequers_temple_overflow_statue_of_worship, makhleb_grotto_becter,
          serial_shops, shop, grunt_decor_fettered, minmay_increasing_density

Skill      XL: |  1  2  3  4  5  6  7 |
---------------+----------------------+-----
Fighting       | 1 2 3 |  3.9
Spellcasting   | 2 |  2.0
Unarmed Combat | 3 4 5 |  5.8
Transmutations | 2 3 4 |  4.6
Armour         | 1 2 3 |  3.0
Dodging        | 2 3 |  3.9

Action                   |  1- 3 |  4- 6 |  7- 9 || total
-------------------------+-------+-------+-------++-------
Melee: Unarmed           |    74 |   225 |    71 ||   370
       Kick              |    14 |    53 |    21 ||    88
       Headbutt          |     7 |    38 |    17 ||    62
       Punch             |     2 |     6 |     1 ||     9
Throw: Dart              |       |     1 |       ||     1
 Cast: Beastly Appendage |    16 |    53 |    11 ||    80
       Wereblood         |     1 |    12 |     4 ||    17
  Use: Potion            |     1 |       |     4 ||     5
       Scroll            |       |     1 |       ||     1
 Stab: Sleeping          |     2 |     1 |       ||     3
Armor: Robe              |     1 |       |       ||     1
       Leather armour    |    12 |    40 |       ||    52
       Skin              |     2 |       |       ||     2
       Ring mail         |       |     3 |    19 ||    22
Dodge: Dodged            |    38 |   108 |    65 ||   211
